[Event "Pan-AM College-chT 2018"]
[Site "Burlingame"]
[Date "2018.12.28"]
[Round "1"]
[White "Durarbayli, Vasif"]
[Black "Sheehan, Andrew"]
[Result "1-0"]
[ECO "B61"]
[WhiteElo "2620"]
[BlackElo "1877"]
[Annotator "ChessBase"]
[PlyCount "117"]
[EventDate "2018.12.28"]
[EventType "swiss"]
[EventCountry "USA"]
[SourceTitle "playchess.com"]
[Source "ChessBase"]
[SourceQuality "1"]
[TimeControl "5400+30"]

1. e4 c5 2. Nf3 d6 3. d4 Nf6 4. Nc3 cxd4 5. Nxd4 Nc6 6. Bg5 Bd7 7. Qd2 Rc8 8. f4 Nxd4 9. Qxd4 Qa5 10. e5 dxe5 11. fxe5 e6 12. O-O-O Bc5 13. Qd2 Nd5 14. Nxd5 Qxd2+ 15. Rxd2 exd5 16. Rxd5 h6 17. Bh4 g5 18. Be1 Be6 19. Bb5+ Ke7 20. Rxc5 Rxc5 21. Bb4 Rhc8 22. b3 Bd5 23. Rf1 Ke6 24. Bd3 Bxg2 25. Rf6+ Kxe5 26. Rf5+ Kd4 27. Bxc5+ Rxc5 28. Rxf7 Ke3 29. Kd1 g4 30. Ke1 Rh5 31. Re7+ Kd4 32. Kf2 Bf3 33. Rd7+ Kc3 34. Kg1 Re5 35. Kf2 Rh5 36. Kg1 Re5 37. Rh7 Re6 38. Kf2 a5 39. Kg3 Kb2 40. a4 Be4 41. Bxe4 Rxe4 42. Rxb7 Kxc2 43. Rb5 Kc3 44. Rxa5 Kxb3 45. Ra8 h5 46. a5 Re7 47. a6 Rh7 48. Rb8+ Kc4 49. Rb1 Ra7 50. Ra1 Kd4 51. Kh4 Ke4 52. Kxh5 Kf3 53. Ra2 g3 54. Ra3+ Kf4 55. hxg3+ Kf5 56. g4+ Kf6 57. Kh6 Rg7 58. g5+ Rxg5 59. Rf3+ 1-0

[Event "Pan-AM College-chT 2018"]
[Site "Burlingame"]
[Date "2018.12.28"]
[Round "1"]
[White "Shimanov, Aleksandr"]
[Black "Banik, Siddharth"]
[Result "1-0"]
[ECO "A13"]
[WhiteElo "2610"]
[BlackElo "2276"]
[Annotator "ChessBase"]
[PlyCount "114"]
[EventDate "2018.12.28"]
[EventType "swiss"]
[EventCountry "USA"]
[SourceTitle "playchess.com"]
[Source "ChessBase"]
[SourceQuality "1"]
[TimeControl "5400+30"]

1. c4 Nf6 2. g3 e6 3. Bg2 d5 4. Nf3 dxc4 5. Qa4+ Nbd7 6. Qxc4 a6 7. Qc2 c5 8. Nc3 Be7 9. a4 O-O 10. O-O Nb8 11. Ne5 Qc7 12. Nc4 Nc6 13. a5 Bd7 14. d3 Nd4 15. Qd1 Bc6 16. Bf4 Qd8 17. Nb6 Ra7 18. Bxc6 Nxc6 19. Qa4 Nd7 20. Nxd7 Qxd7 21. Be3 Rd8 22. Rfc1 Raa8 23. Ne4 Nd4 24. Bxd4 cxd4 25. Qxd7 Rxd7 26. Ra4 e5 27. Rac4 f5 28. Nc5 Bxc5 29. Rxc5 Re8 30. b4 g6 31. b5 axb5 32. Rxb5 Kf7 33. Rcb1 Ree7 34. Kg2 Rc7 35. R1b2 Kf6 36. h3 Red7 37. Rb6+ Kf7 38. g4 Re7 39. R6b5 Kf6 40. Kg3 fxg4 41. hxg4 h5 42. gxh5 gxh5 43. f4 e4 44. Rxh5 exd3 45. exd3 Re3+ 46. Kg4 Rxd3 47. Rb6+ Kg7 48. f5 Rf7 49. Rg6+ Kf8 50. f6 Ke8 51. Re5+ Kd7 52. Rg7 Kd6 53. Rb5 Rf8 54. Rgxb7 Rd1 55. Kf5 d3 56. Ke4 Re1+ 57. Kd4 Ke6 1-0

[Event "Pan-AM College-chT 2018"]
[Site "Burlingame"]
[Date "2018.12.28"]
[Round "1"]
[White "Miellier, Yan"]
[Black "Swiercz, Dariusz"]
[Result "0-1"]
[ECO "D75"]
[WhiteElo "2118"]
[BlackElo "2649"]
[Annotator "ChessBase"]
[PlyCount "116"]
[EventDate "2018.12.28"]
[EventType "swiss"]
[EventCountry "USA"]
[SourceTitle "playchess.com"]
[Source "ChessBase"]
[SourceQuality "1"]
[TimeControl "5400+30"]

1. d4 Nf6 2. c4 g6 3. Nc3 d5 4. cxd5 Nxd5 5. g3 Bg7 6. Bg2 Nxc3 7. bxc3 c5 8. Nf3 Nc6 9. O-O O-O 10. Be3 cxd4 11. cxd4 Be6 12. Qa4 Bd5 13. Rfd1 Rc8 14. Rac1 Qa5 15. Qxa5 Nxa5 16. Ne5 Bxg2 17. Kxg2 b5 18. Bd2 Bxe5 19. Bxa5 Bd6 20. e4 f6 21. Kf1 Ba3 22. Rb1 a6 23. Bb4 Bxb4 24. Rxb4 f5 25. e5 Rc2 26. a4 f4 27. g4 f3 28. axb5 axb5 29. d5 Ra8 30. Rb3 Rd2 31. Ke1 Re2+ 32. Kf1 Rd2 33. Ke1 Re2+ 34. Kf1 Rxe5 35. Rxf3 Rd8 36. Re3 Rxe3 37. fxe3 Kf7 38. g5 b4 39. Ke2 b3 40. e4 b2 41. Rb1 Rb8 42. Kd3 Rb3+ 43. Kd4 Rb4+ 44. Ke5 Ke8 45. d6 Kd7 46. dxe7 Kxe7 47. h4 Rb5+ 48. Kd4 Ke6 49. Kc3 Ke5 50. Kc2 Rb6 51. Kd3 Rb7 52. Kc2 Kxe4 53. Re1+ Kf3 54. Kb1 Rb4 55. h5 gxh5 56. Re7 Kg4 57. Rxh7 Kxg5 58. Rg7+ Kf6 0-1

[Event "Pan-AM College-chT 2018"]
[Site "Burlingame"]
[Date "2018.12.28"]
[Round "1"]
[White "Roshan, Rangarajan."]
[Black "Prohaszka, Peter"]
[Result "1/2-1/2"]
[ECO "B13"]
[WhiteElo "2100"]
[BlackElo "2613"]
[Annotator "ChessBase"]
[PlyCount "74"]
[EventDate "2018.12.28"]
[EventType "swiss"]
[EventCountry "USA"]
[SourceTitle "playchess.com"]
[Source "ChessBase"]
[SourceQuality "1"]
[TimeControl "5400+30"]

1. e4 c6 2. d4 d5 3. exd5 cxd5 4. c4 Nf6 5. Nc3 Nc6 6. Nf3 Be6 7. Bg5 g6 8. Bxf6 exf6 9. cxd5 Bxd5 10. Bb5 Bb4 11. O-O Bxc3 12. bxc3 O-O 13. c4 Bxf3 14. Qxf3 Nxd4 15. Qxb7 Qd6 16. Qa6 Rfd8 17. Qxd6 Rxd6 18. Ba4 Rc8 19. Bb3 Kf8 20. Rfe1 Ne6 21. Rad1 Rxd1 22. Rxd1 Ke7 23. Kf1 Rc6 24. g3 Rd6 25. Ke2 Rxd1 26. Bxd1 Kd6 27. Kd3 Kc5 28. Bf3 Nc7 29. Kc3 f5 30. Bb7 Ne8 31. Bd5 Nd6 32. f3 g5 33. f4 gxf4 34. gxf4 Ne4+ 35. Kd3 Nd6 36. Kc3 Ne4+ 37. Kd3 Nd6 {[%emt 0:00:48] Ke4 [%emt 00:00:34]} 1/2-1/2

[Event "Pan-AM College-chT 2018"]
[Site "Burlingame"]
[Date "2018.12.28"]
[Round "1"]
[White "Floeder, David"]
[Black "Cordova, Emilio"]
[Result "0-1"]
[ECO "A47"]
[WhiteElo "1880"]
[BlackElo "2595"]
[Annotator "ChessBase"]
[PlyCount "89"]
[EventDate "2018.12.28"]
[EventType "swiss"]
[EventCountry "USA"]
[SourceTitle "playchess.com"]
[Source "ChessBase"]
[SourceQuality "1"]
[TimeControl "5400+30"]

1. d4 Nf6 2. Nf3 e6 3. Bf4 b6 4. e3 Bb7 5. Nbd2 Be7 6. h3 c5 7. c3 O-O 8. Bd3 d6 9. O-O Re8 10. Re1 Nbd7 11. a4 cxd4 12. exd4 a6 13. Bh2 Nf8 14. Nc4 Nd5 15. Ne3 Qd7 16. Nxd5 Bxd5 17. Qe2 Qb7 18. Be4 b5 19. Bxd5 Qxd5 20. Nd2 Nd7 21. Qe4 Qxe4 22. Nxe4 d5 23. Nd6 Bxd6 24. Bxd6 Nb6 25. axb5 Nc4 26. Bb4 axb5 27. Ba3 Rec8 28. Rec1 Ra4 29. b3 Rxa3 30. bxc4 Rxa1 31. Rxa1 bxc4 32. Kf1 g5 33. Ke2 Rb8 34. Ra2 Rb1 35. Rc2 Kg7 36. Kf3 Rd1 37. Re2 h5 38. g3 Rd3+ 39. Re3 Rd2 40. Re1 Kg6 41. Re3 g4+ 42. hxg4 hxg4+ 43. Kg2 Rd3 44. Rxd3 cxd3 45. c4 0-1

[Event "Pan-AM College-chT 2018"]
[Site "Burlingame"]
[Date "2018.12.28"]
[Round "2"]
[White "Stefanov, Emil"]
[Black "Ipatov, Alexander"]
[Result "0-1"]
[ECO "A50"]
[WhiteElo "2392"]
[BlackElo "2649"]
[Annotator "RC"]
[PlyCount "24"]
[EventDate "2018.12.28"]
[EventType "swiss"]
[EventCountry "USA"]
[SourceTitle "playchess.com"]
[Source "ChessBase"]
[SourceQuality "1"]
[TimeControl "5400+30"]

1. d4 Nf6 2. c4 b6 3. Nf3 Bb7 4. g3 g6 5. Bg2 Bg7 6. O-O O-O 7. Nc3 Ne4 8. Qd3 Nxc3 9. bxc3 Nc6 10. Nd2 Na5 11. Bf3 Bc6 12. Bxc6 Nb7 0-1

[Event "Pan-AM College-chT 2018"]
[Site "Burlingame"]
[Date "2018.11.23"]
[Round "2"]
[White "Kelson, Richard"]
[Black "Lu, Joshua"]
[Result "1/2-1/2"]
[ECO "B15"]
[WhiteElo "2170"]
[BlackElo "1943"]
[Annotator "NA RC"]
[PlyCount "71"]
[EventDate "2018.12.28"]
[EventType "swiss"]
[EventCountry "USA"]
[SourceTitle "playchess.com"]
[Source "ChessBase"]
[SourceQuality "1"]
[TimeControl "5400+30"]

1. e4 c6 2. d4 d5 3. Nc3 g6 4. Nf3 Bg7 5. h3 dxe4 6. Nxe4 Nd7 7. Bc4 Ngf6 8. Nxf6+ Nxf6 9. O-O O-O 10. Bf4 b6 11. Re1 Bb7 12. Qe2 e6 13. Rad1 Qc8 14. Be5 a5 15. a4 Ba6 16. Bxa6 Qxa6 17. c4 Rfd8 18. b3 Rac8 19. Qb2 Ne8 20. Bxg7 Nxg7 21. d5 cxd5 22. cxd5 exd5 23. Qf6 Re8 24. Rxe8+ Rxe8 25. Rxd5 Qb7 26. Rd8 Qc7 27. Rd6 Qc1+ 28. Kh2 Re6 29. Qd8+ Re8 30. Qf6 Re6 31. Qd8+ Re8 32. Qxb6 Qf4+ 33. Kh1 Qc1+ 34. Ng1 Re1 35. f3 Nf5 36. Rd8+ {[%emt 0:03:13] Re5 [%clk 00:35:05]} 1/2-1/2

[Event "Pan-AM College-chT 2018"]
[Site "Burlingame"]
[Date "2018.11.23"]
[Round "2"]
[White "Pan, Kevin"]
[Black "Wu, Rochelle"]
[Result "1/2-1/2"]
[ECO "B23"]
[WhiteElo "2123"]
[BlackElo "2096"]
[Annotator "NA RC"]
[PlyCount "37"]
[EventDate "2018.12.28"]
[EventType "swiss"]
[EventCountry "USA"]
[SourceTitle "playchess.com"]
[Source "ChessBase"]
[SourceQuality "1"]
[TimeControl "5400+30"]

1. e4 c5 2. Nc3 a6 3. f4 b5 4. Nf3 Bb7 5. d3 e6 6. g3 d5 7. e5 h5 8. Bg2 Nh6 9. d4 Nf5 10. Ne2 Nc6 11. c3 Qb6 12. Bh3 Nce7 13. O-O Nh6 14. dxc5 Qxc5+ 15. Ned4 Nef5 16. Kh1 g6 17. Bd2 Be7 18. Qc1 Qb6 19. Ng1 1/2-1/2

[Event "Pan-AM College-chT 2018"]
[Site "Burlingame"]
[Date "2018.11.23"]
[Round "2"]
[White "Ravuri, Vinesh"]
[Black "Sartorio, William"]
[Result "1-0"]
[ECO "D00"]
[WhiteElo "2042"]
[BlackElo "1873"]
[Annotator "NA RC"]
[PlyCount "63"]
[EventDate "2018.12.28"]
[EventType "swiss"]
[EventCountry "USA"]
[SourceTitle "playchess.com"]
[Source "ChessBase"]
[SourceQuality "1"]
[TimeControl "5400+30"]

1. d4 d5 2. Nc3 Nf6 3. Bf4 c6 4. e3 e6 5. Bd3 Bd6 6. Nf3 b6 7. Qd2 Bb7 8. e4 dxe4 9. Nxe4 Bxf4 10. Qxf4 Nxe4 11. Bxe4 Nd7 12. O-O-O Nf6 13. Ne5 Qc7 14. Bf3 O-O 15. h4 Rac8 16. h5 h6 17. g4 Nh7 18. Rhe1 Ng5 19. Bg2 c5 20. Bxb7 Qxb7 21. dxc5 Rxc5 22. Nd7 Rfc8 23. Nxc5 Rxc5 24. Qe3 Qa6 25. Kb1 Qa4 26. Rd8+ Kh7 27. Qd3+ f5 28. Rd4 Qc6 29. Rd1 Ne4 30. Rd7 Qa4 31. gxf5 Nxf2 32. Rg1 1-0

[Event "Pan-AM College-chT 2018"]
[Site "Burlingame"]
[Date "2018.11.23"]
[Round "2"]
[White "Lee, Addison"]
[Black "Santanna, Paulo"]
[Result "1/2-1/2"]
[ECO "E45"]
[WhiteElo "1944"]
[BlackElo "1900"]
[Annotator "NA RC"]
[PlyCount "111"]
[EventDate "2018.12.28"]
[EventType "swiss"]
[EventCountry "USA"]
[SourceTitle "playchess.com"]
[Source "ChessBase"]
[SourceQuality "1"]
[TimeControl "5400+30"]

1. d4 Nf6 2. c4 e6 3. Nc3 Bb4 4. e3 b6 5. Nge2 Ba6 6. a3 Bxc3+ 7. Nxc3 d5 8. Qf3 O-O 9. Be2 Nbd7 10. cxd5 Bxe2 11. Kxe2 e5 12. Rd1 Qe7 13. Kf1 Rad8 14. b3 exd4 15. Rxd4 Nc5 16. Rb1 a5 17. a4 Rfe8 18. Ba3 Nfd7 19. g3 Ne5 20. Qe2 Qf6 21. Kg2 Nc6 22. Bxc5 bxc5 23. Rc4 Nd4 24. Qg4 Nf5 25. Qf3 Qg6 26. Rc1 h5 27. h4 c6 28. Rf4 Ne7 29. dxc6 Nxc6 30. Rf5 Ne5 31. Qxh5 Qc6+ 32. e4 g6 33. Qg5 Nd3 34. Rd1 c4 35. Nd5 Rd6 36. Rf3 Rxe4 37. Nf6+ Rxf6 38. Qxf6 Nf4+ 39. Qxf4 Rxf4 40. gxf4 c3 41. Rc1 c2 42. Kg3 Kg7 43. Re3 Kh6 44. f3 Qc5 45. Re2 Qc3 46. Rexc2 Qxb3 47. Rc7 Kg7 48. Ra7 Qxa4 49. Rcc7 Qa2 50. Rc5 Qa1 51. Rcxa5 Qg1+ 52. Kh3 Qh1+ 53. Kg3 Qg1+ 54. Kh3 Qf1+ 55. Kg3 Qg1+ 56. Kh3 1/2-1/2

[Event "Pan-AM College-chT 2018"]
[Site "Burlingame"]
[Date "2018.11.23"]
[Round "2"]
[White "Chang, Eliam"]
[Black "Wu, Derek"]
[Result "0-1"]
[ECO "B90"]
[WhiteElo "1784"]
[BlackElo "2023"]
[Annotator "NA RC"]
[PlyCount "30"]
[EventDate "2018.12.28"]
[EventType "swiss"]
[EventCountry "USA"]
[SourceTitle "playchess.com"]
[Source "ChessBase"]
[SourceQuality "1"]
[TimeControl "5400+30"]

1. e4 c5 2. Nf3 d6 3. d4 cxd4 4. Nxd4 Nf6 5. Nc3 a6 6. f3 e5 7. Nb3 Be6 8. Be3 Be7 9. Qd2 h5 10. Nd5 Nxd5 11. exd5 Bf5 12. Na5 Qc7 13. c3 Qxa5 14. a4 Nd7 15. Be2 Nf6 0-1

[Event "Pan-AM College-chT 2018"]
[Site "Burlingame"]
[Date "2018.11.23"]
[Round "2"]
[White "Pruitt, Carvin"]
[Black "Wang, Henry"]
[Result "0-1"]
[ECO "D36"]
[WhiteElo "1777"]
[BlackElo "1965"]
[Annotator "NA RC"]
[PlyCount "71"]
[EventDate "2018.12.28"]
[EventType "swiss"]
[EventCountry "USA"]
[SourceTitle "playchess.com"]
[Source "ChessBase"]
[SourceQuality "1"]
[TimeControl "5400+30"]

1. d4 d5 2. Nf3 Nf6 3. c4 e6 4. cxd5 exd5 5. Nc3 c6 6. Qc2 Be7 7. Bg5 Nbd7 8. e3 h6 9. Bf4 Nh5 10. Nxd5 cxd5 11. Bc7 Bb4+ 12. Kd1 Qe7 13. Rc1 O-O 14. Bd3 Nhf6 15. Ke2 Ne4 16. a3 Bd6 17. Bxe4 dxe4 18. Nd2 f5 19. Qc4+ Kh7 20. Qd5 Bxc7 21. Rxc7 Qg5 22. Rhc1 Nb6 23. Qe5 Qxg2 24. Re7 Bd7 25. Rc7 Rac8 26. Rexd7 Nxd7 27. Rxd7 Qg4+ 28. f3 Qg2+ 29. Kd1 Qg1+ 30. Ke2 Rc1 31. fxe4 fxe4 32. Qxe4+ Kh8 33. Qh4 Qd1+ 34. Kd3 Qc2+ 35. Ke2 Rd1 36. d5 0-1

[Event "Pan-AM College-chT 2018"]
[Site "Burlingame"]
[Date "2018.12.29"]
[Round "4"]
[White "Bruzon Batista, Lazaro"]
[Black "Arribas Lopez, Angel"]
[Result "1-0"]
[ECO "B07"]
[WhiteElo "2664"]
[BlackElo "2472"]
[Annotator "ChessBase"]
[PlyCount "81"]
[EventDate "2018.12.28"]
[EventType "swiss"]
[EventCountry "USA"]
[SourceTitle "playchess.com"]
[Source "ChessBase"]
[SourceQuality "1"]
[TimeControl "5400+30"]

1. d4 d6 2. e4 Nf6 3. f3 e6 4. Be3 d5 5. e5 Nfd7 6. f4 Be7 7. Nf3 b6 8. c3 c5 9. Nbd2 O-O 10. Bd3 Ba6 11. Bb1 Nc6 12. h4 f5 13. g4 cxd4 14. cxd4 g6 15. gxf5 gxf5 16. Ng5 Bxg5 17. hxg5 Rf7 18. Nf3 Nf8 19. a3 Na5 20. b3 Rc8 21. Bd2 Qd7 22. a4 Qe7 23. Ra2 Nc6 24. Rc2 Nb4 25. Rxc8 Bxc8 26. Qc1 Bb7 27. Kf2 a5 28. Qe1 Nc6 29. Bd3 Qa3 30. Qb1 Nb4 31. Bxb4 Qxb4 32. Qc2 Ng6 33. Ke3 Rf8 34. Qc7 Rf7 35. Qb8+ Qf8 36. Qd6 Qxd6 37. exd6 Rd7 38. Rc1 Nf8 39. Ne5 Rxd6 40. Rc7 Ba8 41. Rc8 1-0

[Event "Pan-AM College-chT 2018"]
[Site "Burlingame"]
[Date "2018.12.29"]
[Round "4"]
[White "Matsenko, Sergei"]
[Black "Dragun, Kamil"]
[Result "1/2-1/2"]
[ECO "E11"]
[WhiteElo "2524"]
[BlackElo "2578"]
[Annotator "ChessBase"]
[PlyCount "44"]
[EventDate "2018.12.28"]
[EventType "swiss"]
[EventCountry "USA"]
[SourceTitle "playchess.com"]
[Source "ChessBase"]
[SourceQuality "1"]
[TimeControl "5400+30"]

1. d4 Nf6 2. c4 e6 3. g3 d5 4. Bg2 Bb4+ 5. Bd2 Be7 6. Nf3 c6 7. Qc2 Nbd7 8. O-O O-O 9. Bf4 b6 10. Nc3 dxc4 11. Nd2 Nd5 12. Nxc4 Nxf4 13. gxf4 Bb7 14. Rfd1 Qc7 15. e3 Rad8 16. Rac1 c5 17. d5 exd5 18. Nxd5 Bxd5 19. Rxd5 b5 20. Ne5 Nxe5 21. Rxe5 Bd6 22. Rd5 Be7 1/2-1/2

[Event "Pan-AM College-chT 2018"]
[Site "Burlingame"]
[Date "2018.12.29"]
[Round "4"]
[White "Berczes, David"]
[Black "Nyzhnyk, Illya"]
[Result "0-1"]
[ECO "E97"]
[WhiteElo "2472"]
[BlackElo "2624"]
[Annotator "ChessBase"]
[PlyCount "80"]
[EventDate "2018.12.28"]
[EventType "swiss"]
[EventCountry "USA"]
[SourceTitle "playchess.com"]
[Source "ChessBase"]
[SourceQuality "1"]
[TimeControl "5400+30"]

1. Nf3 Nf6 2. c4 g6 3. Nc3 Bg7 4. e4 d6 5. d4 O-O 6. Be2 e5 7. O-O Nc6 8. Be3 Ng4 9. Bg5 f6 10. Bh4 h5 11. h3 Nh6 12. dxe5 dxe5 13. Qb3 Qe7 14. Nd5 Qf7 15. Rad1 Kh8 16. c5 Ng8 17. Bg3 Rb8 18. Nh4 g5 19. Nf5 Bxf5 20. exf5 h4 21. Bh2 Nge7 22. Nxe7 Qxe7 23. Qf3 Bh6 24. Bc4 Rfd8 25. Qh5 Qh7 26. a3 Bf8 27. Qxh7+ Kxh7 28. b4 a5 29. Rb1 axb4 30. axb4 Ra8 31. Rfc1 Ra4 32. b5 Nd4 33. c6 bxc6 34. bxc6 Ba3 35. Rc3 Bb4 36. Rd3 Ba5 37. Bb3 Rb8 38. Bxa4 Rxb1+ 39. Rd1 Rb2 40. Rf1 Nxf5 0-1

[Event "Pan-AM College-chT 2018"]
[Site "Burlingame"]
[Date "2018.12.30"]
[Round "5"]
[White "Shimanov, Aleksandr"]
[Black "Baryshpolets, Andrey"]
[Result "0-1"]
[ECO "D46"]
[WhiteElo "2611"]
[BlackElo "2578"]
[Annotator "ChessBase"]
[PlyCount "125"]
[EventDate "2018.12.28"]
[EventType "swiss"]
[EventCountry "USA"]
[SourceTitle "playchess.com"]
[Source "ChessBase"]
[SourceQuality "1"]
[TimeControl "5400+30"]

1. c4 c6 2. Nf3 d5 3. e3 Nf6 4. Nc3 e6 5. b3 Nbd7 6. Bb2 b6 7. d4 Bb7 8. Bd3 Be7 9. O-O O-O 10. Qe2 c5 11. Rad1 Re8 12. cxd5 exd5 13. Ba6 Qc8 14. Bxb7 Qxb7 15. Qd3 Rad8 16. dxc5 Nxc5 17. Qb1 b5 18. Nd4 b4 19. Nce2 Nfe4 20. Nf5 Bf8 21. f3 Nd6 22. Nf4 Nb5 23. Nh5 Nc3 24. Bxc3 bxc3 25. Qc2 Nd7 26. Nf4 g6 27. Ng3 Nf6 28. Qxc3 Qb6 29. Kh1 Rxe3 30. Qc2 Qd6 31. Nfe2 Bh6 32. Nd4 Bf4 33. Qf2 Rde8 34. Nge2 Bh6 35. Qh4 Bg7 36. Ng3 Qa6 37. Nc2 R3e5 38. Nb4 Qb7 39. Nd3 Re3 40. Qa4 h5 41. Rfe1 Rxe1+ 42. Nxe1 Qb6 43. Nd3 Qe3 44. h3 Bh6 45. Qb4 Qg5 46. Nf1 Re2 47. Ne1 Rxa2 48. Qd4 h4 49. Ra1 Rxa1 50. Qxa1 Nh5 51. Qxa7 Qc1 52. Qf2 Ng3+ 53. Kg1 d4 54. f4 Qd1 55. Nxg3 hxg3 56. Qxg3 d3 57. Kh2 d2 58. Nd3 Qxb3 59. Nf2 d1=Q 60. Nxd1 Qxd1 61. f5 Qd4 62. Qb8+ Kg7 63. Qb5 0-1

[Event "Pan-AM College-chT 2018"]
[Site "Burlingame"]
[Date "2018.12.30"]
[Round "6"]
[White "Bruzon Batista, Lazaro"]
[Black "Matsenko, Sergei"]
[Result "1-0"]
[ECO "C07"]
[WhiteElo "2664"]
[BlackElo "2524"]
[Annotator "RC"]
[PlyCount "115"]
[EventDate "2018.12.28"]
[EventType "swiss"]
[EventCountry "USA"]
[SourceTitle "playchess.com"]
[Source "ChessBase"]
[SourceQuality "1"]
[TimeControl "5400+30"]

1. e4 e6 2. d4 d5 3. Nd2 c5 4. Ngf3 cxd4 5. Nxd4 Nf6 6. exd5 Qxd5 7. Nb5 Na6 8. a3 Be7 9. Nc3 Qd8 10. Qf3 Nc7 11. Bd3 O-O 12. O-O Ncd5 13. Nxd5 Qxd5 14. Ne4 Nxe4 15. Bxe4 Qc5 16. Bxb7 Bxb7 17. Qxb7 Rab8 18. Qe4 Rfc8 19. c3 a5 20. Rd1 Bf6 21. Be3 Qc4 22. Qxc4 Rxc4 23. Rd2 a4 24. Rad1 g5 25. Kf1 Kg7 26. Rc2 Kg6 27. Rd7 h5 28. Ke2 g4 29. g3 Bg7 30. Bc1 f5 31. Kd3 Rbc8 32. Rb7 Re4 33. Be3 Bf8 34. Rd2 h4 35. Kc2 h3 36. Rd4 Bc5 37. Rxe4 fxe4 38. Kd2 Bxe3+ 39. fxe3 Rf8 40. Ke2 Rf3 41. Rd7 e5 42. Rd5 Kf5 43. Rd8 Ke6 44. Ra8 Kf7 45. c4 Kg7 46. Ra7+ Kg6 47. Rd7 Rf8 48. Rd6+ Kf7 49. c5 Rc8 50. c6 Ke7 51. Rd7+ Ke6 52. Rh7 Kd5 53. c7 Kc4 54. Kd2 Kb3 55. Kc1 Rf8 56. Rd7 Rc8 57. Rf7 Rh8 58. Rf6 1-0

[Event "Pan-AM College-chT 2018"]
[Site "Burlingame"]
[Date "2018.12.30"]
[Round "6"]
[White "Prohaszka, Peter"]
[Black "Dragun, Kamil"]
[Result "1/2-1/2"]
[ECO "E11"]
[WhiteElo "2613"]
[BlackElo "2578"]
[Annotator "RC"]
[PlyCount "65"]
[EventDate "2018.12.28"]
[EventType "swiss"]
[EventCountry "USA"]
[SourceTitle "playchess.com"]
[Source "ChessBase"]
[SourceQuality "1"]
[TimeControl "5400+30"]

1. d4 Nf6 2. c4 e6 3. Nf3 d5 4. g3 Bb4+ 5. Bd2 Be7 6. Bg2 c6 7. Qc2 O-O 8. O-O Nbd7 9. Rc1 b6 10. cxd5 cxd5 11. Bf4 Bb7 12. Qb3 Rc8 13. Rxc8 Qxc8 14. Nc3 a6 15. Rc1 Qa8 16. Ne5 Nxe5 17. Bxe5 Nd7 18. Bf4 Rc8 19. Bd2 b5 20. e3 Nb6 21. Ne2 Rc4 22. Qd1 b4 23. b3 Rxc1 24. Nxc1 a5 25. Nd3 Ba6 26. Bf1 Qc8 27. Qc1 Qxc1 28. Bxc1 Nc8 29. f3 Kf8 30. Kf2 Ke8 31. Bb2 g6 32. g4 Nd6 33. Be2 1/2-1/2

[Event "Pan-AM College-chT 2018"]
[Site "Burlingame"]
[Date "2018.12.30"]
[Round "6"]
[White "Gabuzyan, Hovhannes"]
[Black "Shimanov, Aleksandr"]
[Result "1/2-1/2"]
[ECO "D02"]
[WhiteElo "2611"]
[BlackElo "2610"]
[Annotator "ChessBase"]
[PlyCount "89"]
[EventDate "2018.12.28"]
[EventType "swiss"]
[EventCountry "USA"]
[SourceTitle "playchess.com"]
[Source "ChessBase"]
[SourceQuality "1"]
[TimeControl "5400+30"]

1. Nf3 d5 2. g3 Bg4 3. Bg2 c6 4. O-O Nd7 5. d4 e6 6. Re1 Ngf6 7. Nbd2 Be7 8. e4 O-O 9. c3 Bh5 10. e5 Ne8 11. Nb3 a5 12. Be3 Nb6 13. Nc1 Nc4 14. Nd3 a4 15. b3 axb3 16. axb3 Rxa1 17. Qxa1 Nxe3 18. fxe3 Qb6 19. Qb2 Nc7 20. Ra1 Ra8 21. Rxa8+ Nxa8 22. c4 Qa5 23. c5 Nc7 24. Nfe1 Bg6 25. Bf1 Nb5 26. b4 Qa4 27. Kf2 Bf5 28. Be2 Nc7 29. h4 Na6 30. Nc2 f6 31. exf6 Bxf6 32. Nde1 Nb8 33. b5 Nd7 34. bxc6 bxc6 35. Bd3 Qa8 36. Qb3 Bg4 37. e4 Qa5 38. Be2 Qd2 39. Qe3 Qxe3+ 40. Kxe3 Bxe2 41. Kxe2 dxe4 42. Ke3 e5 43. Kxe4 exd4 44. Nd3 Kf7 45. Nxd4 1/2-1/2

[Event "Pan-AM College-chT 2018"]
[Site "Burlingame"]
[Date "2018.12.30"]
[Round "6"]
[White "Stukopin, Andrey"]
[Black "Durarbayli, Vasif"]
[Result "1/2-1/2"]
[ECO "C54"]
[WhiteElo "2565"]
[BlackElo "2620"]
[Annotator "ChessBase"]
[PlyCount "65"]
[EventDate "2018.12.28"]
[EventType "swiss"]
[EventCountry "USA"]
[SourceTitle "playchess.com"]
[Source "ChessBase"]
[SourceQuality "1"]
[TimeControl "5400+30"]

1. e4 e5 2. Nf3 Nc6 3. Bc4 Bc5 4. O-O Nf6 5. d3 O-O 6. h3 d6 7. c3 a5 8. Re1 h6 9. Nbd2 Be6 10. a4 Ba7 11. Bb5 Ne7 12. d4 Ng6 13. Nf1 Qc8 14. Ng3 c6 15. Bd3 Re8 16. Nf5 Bb8 17. dxe5 dxe5 18. Qc2 Qc7 19. Be3 Bxf5 20. exf5 Nf8 21. Nd2 e4 22. Bxe4 Qh2+ 23. Kf1 Nd5 24. Bxd5 cxd5 25. Qd3 Qh1+ 26. Ke2 Qxg2 27. Rg1 Qxh3 28. Qxd5 Be5 29. Qf3 Qxf3+ 30. Kxf3 Ra6 31. Ne4 Rc6 32. Rad1 Nh7 33. Rd7 1/2-1/2

[Event "Pan-AM College-chT 2018"]
[Site "Burlingame"]
[Date "2018.12.30"]
[Round "6"]
[White "Narva, Mai"]
[Black "Raznikov, Danny"]
[Result "1/2-1/2"]
[ECO "C96"]
[WhiteElo "2347"]
[BlackElo "2499"]
[Annotator "RC"]
[PlyCount "50"]
[EventDate "2018.12.28"]
[EventType "swiss"]
[EventCountry "USA"]
[SourceTitle "playchess.com"]
[Source "ChessBase"]
[SourceQuality "1"]
[TimeControl "5400+30"]

1. e4 e5 2. Nf3 Nc6 3. Bb5 a6 4. Ba4 Nf6 5. O-O Be7 6. Re1 b5 7. Bb3 d6 8. c3 O-O 9. h3 Na5 10. Bc2 c5 11. d4 Nd7 12. Nbd2 exd4 13. cxd4 Nc6 14. Nf1 cxd4 15. Nxd4 Nxd4 16. Qxd4 Ne5 17. Qd1 Bf6 18. Ne3 Nc4 19. Rb1 Be6 20. Nd5 Bxd5 21. Qxd5 Rc8 22. Re2 Re8 23. b3 Ne5 24. Be3 Nc6 25. Qd2 Qc7 1/2-1/2